cohdb
Replays
Latest Replays
All Replays
Popular Replays
Top Player Replays
Match Explorer
How It Works
Community
CoH3 Stats
Reddit
Sign in to upload your games and track your stats! →
Sign in with Steam
Match 42922580
Unlisted
Match 42922580
Overview
Messages
Build Orders
End
Construct Section Command Post
Royal Engineer Section
Selects Canadian Shock Battlegroup
Dingo Light Scout Car
Infantry Section
Construct Field Infirmary
Infantry Section
Selects Offensive Resupply
Selects Attacking Spirit
Selects Canadian Shock Section
Canadian Shock Section
Canadian Shock Section
Selects Incendiary Munitions
Construct Platoon Command Post
Selects Pyrotechnics
Canadian Shock Section
Construct Company Command Post
Matilda II Heavy Tank
Infantry Training
Nowa
Grand.G
0
0
Comments
sign in to comment!
No comments posted yet!